 Dungeon Crawl Stone Soup version 0.19-a0-804-g7c5a0f4 (webtiles) character file.

13916 AlphabetPasta the Spear-Bearer (level 12, -2/72 HPs)
             Began as a Tengu Abyssal Knight on June 26, 2016.
             Was a High Priest of Lugonu.
             Slain by a spiny frog (9 damage)
             ... on level 1 of the Lair of Beasts.
             The game lasted 01:01:32 (13277 turns).

AlphabetPasta the Spear-Bearer (TeAK)              Turns: 13277, Time: 01:01:36

Health: -2/72      AC: 18    Str: 18    XL:     12   Next: 11%
Magic:  18/18      EV: 15    Int: 13    God:    Lugonu [*****.]
Gold:   872        SH:  0    Dex: 15    Spells: 0 memorised, 11 levels left

rFire  . . .     SeeInvis .     c - +8 war axe of the Final Chapter {chop, rElec}
rCold  + . .     Gourm    .     N - +0 chain mail
rNeg   . . .     Faith    .     (no shield)
rPois  .         Spirit   .     (helmet restricted)
rElec  +         Dismiss  .     t - +0 cloak
rCorr  .         Reflect  .     T - +5 pair of gloves "Vymajaps" {Regen+}
SustAt .         Harm     .     (boots unavailable)
MR     .....                    (no amulet)
Stlth  ..........               M - ring of protection from cold
                                C - +4 ring of evasion

@: lethally poisoned (-2 -> -20), not resistant to hostile enchantments,
extremely unstealthy
A: beak, talons 3, strong 1, able to fly 1
a: Fly, Depart the Abyss, Bend Space, Banish, Corrupt, Enter the Abyss, Renounce
Religion


You were on level 1 of the Lair of Beasts.
You worshipped Lugonu.
Lugonu was extremely pleased with you.
You were not hungry.

You visited 2 branches of the dungeon, and saw 13 of its levels.
You visited the Abyss 1 time.

You collected 872 gold pieces.

Inventory:

Hand Weapons
 a - a +0 trident
 b - a +0 blowgun
 c - the +8 war axe of the Final Chapter (weapon) {chop, rElec}
   (You found it on level 4 of the Dungeon)

   It inflicts extra damage upon your enemies.
   It insulates you from electricity.
 r - a +1 scythe of slicing
 D - a cursed +0 glaive
Missiles
 e - 7 javelins (quivered)
 A - 42 poisoned needles
Armour
 p - a +1 pair of gloves
 t - a +0 cloak (worn)
 E - a +0 shield
 N - a +0 chain mail (worn)
 T - the +5 pair of gloves "Vymajaps" (worn) {Regen+}
   (You acquired it on level 12 of the Dungeon)

   It increases your rate of regeneration.
Jewellery
 C - a +4 ring of evasion (left hand)
 M - a ring of protection from cold (right hand)
Wands
 f - a wand of iceblast (15/15)
 o - a wand of hasting (5/9)
 u - a wand of flame (12/48)
 x - a wand of polymorph (8/24)
 y - a wand of flame (26/48)
 H - a wand of digging (16/24)
 P - a wand of random effects (24/48)
Scrolls
 g - a scroll of identify
 i - 4 scrolls of magic mapping
 k - 9 scrolls of teleportation
 n - 7 scrolls of remove curse
 q - 4 scrolls of blinking
 B - a scroll of enchant weapon
 F - 2 scrolls of silence
 G - 3 scrolls of fear
 K - a scroll of recharging
 L - a scroll of fog
 S - a scroll of amnesia
Potions
 h - 3 potions of lignification
 s - 4 potions of flight
 v - 4 potions of curing
 w - 3 potions of heal wounds
 I - a potion of agility
 J - 2 potions of cure mutation
 O - a potion of invisibility
 Q - a potion of berserk rage
 R - a potion of brilliance
Comestibles
 d - 12 bread rations
 j - 7 meat rations
 l - 12 fruits
 m - 2 slices of pizza
 z - 6 chunks of flesh


   Skills:
 + Level 7.5 Fighting
 * Level 11.1 Polearms
 + Level 7.0 Throwing
 + Level 8.2 Armour
 + Level 7.8 Dodging
 + Level 6.7 Invocations
 + Level 4.5 Evocations


You had 11 spell levels left.
You didn't know any spells.

Dungeon Overview and Level Annotations

Branches:
Dungeon (12/15)            Temple (0/1) D:4            Lair (1/6) D:8
    Orc (0/2) D:10

Altars:
Ashenzari
Kikubaaqudgha
Nemelex Xobeh
Trog
Xom

Annotations:
D:12 4 runed doors


Innate Abilities, Weirdness & Mutations

You have a beak for a mouth.
You have claws for feet.
You can fly.
Your muscles are strong. (Str +2)


Message History

The spiny frog is heavily wounded.
You feel sick. The spiny frog stings you. The spiny frog barely misses you.
You closely miss the spiny frog. You claw the spiny frog.
The spiny frog is almost dead.
You slash the spiny frog!
The spiny frog is severely wounded.
You feel sick. The spiny frog closely misses you. The spiny frog stings you!
You hit the spiny frog.
The spiny frog is almost dead.
You slash the spiny frog!
The spiny frog is almost dead.
You feel sick. The spiny frog stings you!
* * * LOW HITPOINT WARNING * * *
The spiny frog stings you.
* * * LOW HITPOINT WARNING * * *
You are lethally poisoned!
The spiny frog poisons you! The spiny frog stings you!
* * * LOW HITPOINT WARNING * * *
The spiny frog stings you!
You die...

*** *##*##****
*******,*##########.##.##P.**
,,,,,,,,,...................*
,,,,,,,,,...................#
,,,,,,,,,...................#
,,,,,,,,,......F............#
,,,,,,,,,.....(F@...........##
,,,,,,,,,....................#
,,,,,,,,,.(..................#
,,***,,,,(..#.######.........#
,,,***,,,(.,##* #........##
,,,,,*,*,.,,,* #.........#
,,,,,,,,,,,,** #.........#
,,,*,,,,**,,** ##<.......##
,,,,,**,,*,,,* #.........#


You could see 2 spiny frogs.

Vanquished Creatures
  A hydra (D:12)
  An unseen horror (D:12)
  Pikel (D:6)
  2 hill giants
  A cyclops (D:11)
  2 ugly things (D:12)
  Joseph (D:8)
  An elephant (D:8)
  Prince Ribbit (D:7)
  A merfolk (D:9)
  A two-headed ogre (D:11)
  The ghost of AlphabetPasta the Caller, an amateur DrSu (D:4)
  2 vampires
  3 wyverns
  10 yaks
  A hungry ghost (D:8)
  Menkaure (D:7)
  3 water moccasins (D:12)
  3 orc warriors
  A sky beast (D:11)
  2 slaves (D:6)
  5 black bears
  2 ice beasts
  A phantom (D:9)
  8 ogres
  5 centaurs
  4 crocodiles
  7 giant frogs
  4 big kobolds
  A wyvern zombie (D:12)
  4 scorpions
  10 killer bees
  3 howler monkeys
  2 crimson imps
  4 centaur zombies
  3 giant frog zombies
  A jelly (D:5)
  5 orc priests
  5 hounds
  16 orc wizards
  3 centaur skeletons
  Jessica (D:2)
  5 giant frog skeletons
  3 iguanas
  10 worker ants
  2 sheep (D:8)
  A killer bee zombie (D:5)
  A hound zombie (D:8)
  A hound skeleton (D:6)
  6 gnolls
  9 adders
  A howler monkey skeleton (D:4)
  2 shadow imps
  2 oozes (D:2)
  An adder skeleton (D:9)
  2 worms (D:4)
  2 dart slugs (D:3)
  7 giant geckos
  39 orcs
  5 giant cockroaches
  10 goblins
  7 hobgoblins
  A jackal (D:6)
  8 quokkas
  A ball python (D:4)
  6 bats
  5 giant newts
  29 kobolds
  9 rats
309 creatures vanquished.

Vanquished Creatures (others)
  A giant frog zombie (D:7)
1 creature vanquished.

Grand Total: 310 creatures vanquished

Notes
Turn   | Place    | Note
--------------------------------------------------------------
     0 | Abyss:1  | AlphabetPasta the Tengu Abyssal Knight began the quest for the Orb.
     0 | Abyss:1  | Reached XP level 1. HP: 14/14 MP: 3/3
    79 | Abyss:1  | Noticed a small abomination
    79 | D:1      | Escaped the Abyss
   342 | D:1      | Reached * piety under Lugonu
   342 | D:1      | Reached XP level 2. HP: 14/19 MP: 4/4
   820 | D:1      | Reached XP level 3. HP: 21/23 MP: 5/5
  1089 | D:2      | Reached skill level 1 in Throwing
  1124 | D:2      | Noticed Jessica
  1127 | D:2      | Killed Jessica
  1127 | D:2      | Reached XP level 4. HP: 28/28 MP: 6/6
  1479 | D:2      | Reached skill level 3 in Polearms
  1773 | D:3      | Reached ** piety under Lugonu
  1841 | D:3      | Gained mutation: You can fly. [Tengu growth]
  1841 | D:3      | Reached XP level 5. HP: 25/32 MP: 7/7
  2404 | D:3      | Found a shimmering altar of Xom.
  2521 | D:3      | Reached XP level 6. HP: 32/37 MP: 7/9
  2687 | D:4      | Found a staircase to the Ecumenical Temple.
  3126 | D:4      | Reached skill level 4 in Polearms
  3423 | D:4      | Reached *** piety under Lugonu
  3423 | D:4      | Reached XP level 7. HP: 23/42 MP: 10/10
  3668 | D:4      | Noticed AlphabetPasta's ghost (amateur DrSu)
  3834 | D:4      | Got a serpentine marble ring
  3998 | D:4      | Killed AlphabetPasta's ghost
  4028 | D:4      | Reached skill level 5 in Polearms
  4180 | D:4      | Identified the ring "Yvafiyf" {*Tele *Confuse rF+ Dex+5} (You found it on level 4 of the Dungeon)
  4257 | D:4      | Got a pitted war axe
  4258 | D:4      | Identified the +8 war axe of the Final Chapter {chop, rElec} (You found it on level 4 of the Dungeon)
  4377 | D:4      | Found an ancient bone altar of Kikubaaqudgha.
  4475 | D:5      | Entered Level 5 of the Dungeon
  4484 | D:5      | Reached XP level 8. HP: 19/48 MP: 11/11
  5166 | D:5      | Reached skill level 6 in Polearms
  5166 | D:5      | Reached skill level 5 in Armour
  5765 | D:6      | Reached **** piety under Lugonu
  6252 | D:6      | Reached skill level 5 in Fighting
  6252 | D:6      | Reached XP level 9. HP: 53/54 MP: 13/13
  6283 | D:7      | Noticed Menkaure
  6469 | D:6      | Reached skill level 7 in Polearms
  6544 | D:7      | Killed Menkaure
  6566 | D:7      | Noticed Pikel
  6651 | D:6      | Killed Pikel
  6651 | D:6      | Reached skill level 5 in Dodging
  6895 | D:7      | Reached skill level 8 in Polearms
  6899 | D:7      | Reached skill level 5 in Invocations
  7204 | D:7      | Reached XP level 10. HP: 55/60 MP: 14/14
  7267 | D:7      | Found a sparkling altar of Nemelex Xobeh.
  7291 | D:7      | Reached ***** piety under Lugonu
  7291 | D:7      | Reached skill level 1 in Evocations
  7465 | D:7      | Noticed Prince Ribbit
  7478 | D:7      | Killed Prince Ribbit
  7799 | D:8      | Noticed Joseph
  7808 | D:8      | Gained mutation: Your muscles are strong. (Str +2) [potion of beneficial mutation]
  7816 | D:8      | Killed Joseph
  7816 | D:8      | Reached skill level 5 in Throwing
  7910 | D:8      | Found a staircase to the Lair.
  7910 | D:8      | Noticed an elephant
  7931 | D:8      | Killed an elephant
  7944 | D:8      | Reached skill level 9 in Polearms
  8997 | D:9      | Found a bloodstained altar of Trog.
  9372 | D:10     | Entered Level 10 of the Dungeon
  9507 | D:9      | Reached XP level 11. HP: 43/66 MP: 16/16
  9939 | D:10     | Reached skill level 10 in Polearms
  9942 | D:10     | Found a staircase to the Orcish Mines.
 10770 | D:10     | Noticed a hill giant
 10788 | D:10     | Killed a hill giant
 11193 | D:11     | Noticed a cyclops
 11483 | D:11     | Killed a cyclops
 11791 | D:11     | Found a shattered altar of Ashenzari.
 12240 | D:12     | Found a huge runed gate.
 12240 | D:12     | Found a huge runed gate.
 12240 | D:12     | Found a huge runed gate.
 12240 | D:12     | Found a huge runed gate.
 12243 | D:12     | Noticed a griffon
 12252 | D:12     | Noticed a griffon
 12270 | D:12     | Killed an unseen horror
 12420 | D:12     | Noticed a white ugly thing
 12427 | D:12     | Killed a white ugly thing
 12551 | D:12     | Identified a scroll of acquirement
 12552 | D:12     | Got a pair of jewelled gloves
 12563 | D:12     | Identified the +5 pair of gloves "Vymajaps" {Regen+} (You acquired it on level 12 of the Dungeon)
 12578 | D:12     | Noticed a six-headed hydra
 12599 | D:12     | Killed a six-headed hydra
 12623 | D:12     | Noticed a green ugly thing
 12633 | D:12     | Noticed a hill giant
 12634 | D:12     | Killed a green ugly thing
 12732 | D:12     | Killed a hill giant
 12732 | D:12     | Reached XP level 12. HP: 59/72 MP: 17/17
 12855 | D:12     | Reached skill level 11 in Polearms
 13199 | D:8      | Upgraded the game from 0.19-a0-790-ge39e1af to 0.19-a0-804-g7c5a0f4
 13200 | Lair:1   | Entered Level 1 of the Lair of Beasts
 13277 | Lair:1   | Slain by a spiny frog

Vault maps used:
D:1:      dpeg_arrival_line_fractal
D:2:      first_bread, uniq_jessica
D:3:      tgw_xom
D:4:      kennysheep_little_box, nicolae_overflow_hidden_temple
D:5:      kennysheep_generic_room_10
D:7:      nemelex_altar_shiori, uniq_prince_ribbit1, uniq_pikel, uniq_menkaure
D:8:      david_lair_generic, uniq_joseph
D:9:      kennysheep_mini, hangedman_fish_farm, minmay_misc_feat_four_crosses
D:10:     orc_0_dummy
D:11:     basic_altar, kennysheep_generic_room_16
D:12:     lemuel_bear_cage
Lair:1:   lab_entry_generic, minmay_lair_oklob_bushes, grunt_megastairs_2

Skill      XL: |  1  2  3  4  5  6  7  8  9 10 11 12 |
---------------+-------------------------------------+-----
Invocations    | 2 3 4 5 6 |  6.7
Throwing       | 1 2 3 4 5 6 7 |  7.0
Polearms       | 3 4 5 6 8 9 10 11 | 11.1
Dodging        | 2 3 4 5 6 7 |  7.8
Armour         | 3 4 5 6 7 8 |  8.2
Fighting       | 4 5 6 7 |  7.5
Evocations     | 2 4 |  4.5

Action                   |  1- 3 |  4- 6 |  7- 9 | 10-12 || total
-------------------------+-------+-------+-------+-------++-------
Melee: Spear             |    77 |   157 |   131 |       ||   365
       Kick              |     9 |    37 |    67 |   109 ||   222
       Peck              |     6 |    21 |    35 |    78 ||   140
       Scythe            |       |    27 |       |       ||    27
       War axe           |       |       |   155 |   389 ||   544
       Trident           |       |       |       |    22 ||    22
Throw: Javelin           |    11 |    23 |    50 |   123 ||   207
Invok: Depart the Abyss  |     1 |       |       |       ||     1
Evoke: Wand              |       |     1 |     6 |     5 ||    12
  Use: Potion            |       |     3 |     5 |     3 ||    11
       Scroll            |       |    11 |    10 |    13 ||    34
 Stab: Distracted        |     1 |       |       |       ||     1
       Sleeping          |       |     1 |       |       ||     1
       Invisible         |       |       |     2 |       ||     2
  Eat: Chunk             |     1 |     7 |    12 |    13 ||    33
       Fruit             |       |       |     2 |     5 ||     7
       Beef jerky        |       |       |       |     3 ||     3
Armor: Leather armour    |    15 |    10 |       |       ||    25
       Skin              |       |     9 |       |       ||     9
       Ring mail         |       |    16 |   102 |    42 ||   160
       Chain mail        |       |       |       |    89 ||    89
Dodge: Dodged            |    30 |    76 |   196 |   290 ||   592
